 Dungeon Crawl Stone Soup version 0.19-a0-45-g2c295ea (webtiles) character file.

46211 ololoev the Severer (level 14, -23/127 HPs)
             Began as a Hill Orc Fighter on May 5, 2016.
             Was a High Priest of the Shining One.
             Annihilated by a cyclops (24 damage)
             ... on level 15 of the Dungeon.
             The game lasted 00:31:00 (17880 turns).

ololoev the Severer (Hill Orc Fighter)             Turns: 17880, Time: 00:31:01

Health: -23/127    AC: 17    Str: 24    XL:     14   Next: 36%
Magic:  25/26      EV: 13    Int:  8    God:    the Shining One [*****.]
Gold:   807        SH: 14    Dex: 20    Spells: 2 memorised, 10 levels left

rFire  + . .     SeeInvis .     a - +2 battleaxe (freeze)
rCold  + . .     Gourm    .     D - +2 chain mail {rF+}
rNeg   + + .     Faith    +     (shield currently unavailable)
rPois  +         Spirit   .     m - -1 helmet (curse)
rElec  .         Dismiss  .     g - +0 cloak
rCorr  .         Reflect  .     J - +0 pair of gloves {Dex+3}
SustAt .         Harm     .     (no boots)
MR     +....                    l - amulet of faith
Stlth  ..........               E - ring of poison resistance
                                L - ring of protection from cold

@: agile, divine shield, glowing, somewhat resistant to hostile enchantments,
extremely unstealthy
A: agile 1
a: Divine Shield, Cleansing Flame, Summon Divine Warrior, Renounce Religion


Innate Abilities, Weirdness & Mutations

You are agile. (Dex +2)

Inventory:

Hand Weapons
 a - a +2 battleaxe of freezing (weapon)
Armour
 g - a +0 cloak (worn)
 m - a cursed -1 helmet (worn)
 D - a +2 chain mail of fire resistance (worn)
 J - a +0 pair of gloves of dexterity (worn)
Jewellery
 l - an amulet of faith (around neck)
 E - a ring of poison resistance (right hand)
 L - a ring of protection from cold (left hand)
Wands
 k - a wand of disintegration (15/24)
 K - a wand of digging (9/24)
Scrolls
 b - a scroll of enchant weapon {unknown}
 e - 5 scrolls of immolation
 h - a scroll of brand weapon {unknown}
 i - 10 scrolls of teleportation
 j - 2 scrolls of blinking
 o - a scroll of fear {unknown}
 p - a scroll of enchant armour
 u - 7 scrolls of remove curse
 w - a scroll of fog
 y - 2 scrolls of amnesia {unknown}
 z - 3 scrolls of vulnerability {unknown}
 B - a scroll of recharging {unknown}
 C - 4 scrolls of magic mapping
Potions
 d - a potion of might
 q - a potion of cancellation {unknown}
 r - 3 potions of flight
 t - 5 potions of curing
 x - 3 potions of degeneration {unknown}
 A - 2 potions of ambrosia {unknown}
 F - a potion of magic {unknown}
 H - 2 potions of heal wounds
 I - a potion of agility
Comestibles
 c - 6 chunks of flesh
 f - 15 bread rations
 n - 13 beef jerkies
 s - 3 meat rations
 G - a slice of pizza


   Skills:
 + Level 12.9 Fighting
 * Level 17.7 Axes
 + Level 11.6 Armour
   Level 3.2 Shields
 * Level 16.6 Invocations


You had 10 spell levels left.
You knew the following spells:

 Your Spells              Type           Power        Failure   Level  Hunger
a - Apportation           Tloc           #.........   99%         1    ##.....
b - Blink                 Tloc           N/A          100%        2    ###....


You were on level 15 of the Dungeon.
You worshipped the Shining One.
The Shining One was extremely pleased with you.
You were not hungry.

You visited 2 branches of the dungeon, and saw 16 of its levels.
You also visited: Ossuary and Ice Cave.

You collected 1259 gold pieces.
You spent 452 gold pieces at shops.

.............
............. #
#####.............# .#.
...#.............## #.#.
..#..............#
#...#.#..............#
#....C#C.............#
#Q@....<.........##
#.###(............#.
..#.............†...#
......................#
.....#...........).....#
.......................#
.. y....................
.y..=..................
.......................

Notes
Turn   | Place    | Note
--------------------------------------------------------------
     0 | D:1      | ololoev the Hill Orc Fighter began the quest for the Orb.
     0 | D:1      | Reached XP level 1. HP: 19/19 MP: 1/1
   354 | D:1      | Reached skill level 3 in Axes
   406 | D:1      | Reached XP level 2. HP: 26/27 MP: 2/2
   797 | D:2      | Found a shattered altar of Ashenzari.
  1007 | D:2      | Reached XP level 3. HP: 20/34 MP: 3/3
  1268 | D:2      | You fall through a shaft!
  1324 | D:3      | Found a white marble altar of Elyvilon.
  1343 | D:3      | Became a worshipper of Elyvilon the Healer
  1421 | D:3      | Noticed Grinder
  1688 | D:2      | Reached skill level 4 in Axes
  1844 | D:4      | Reached XP level 4. HP: 34/41 MP: 4/4
  2010 | D:4      | Found a staircase to the Ecumenical Temple.
  2021 | Temple   | Entered the Ecumenical Temple
  2214 | Temple   | Fell from the grace of Elyvilon
  2214 | Temple   | Became a worshipper of the Shining One
  2373 | D:4      | Reached skill level 1 in Invocations
  2373 | D:4      | Reached XP level 5. HP: 30/47 MP: 5/5
  2704 | D:4      | Found Onitix's Magic Scroll Boutique.
  2709 | D:4      | Bought a scroll of remove curse for 36 gold pieces
  2709 | D:4      | Bought a scroll of silence for 90 gold pieces
  2709 | D:4      | Bought a scroll of identify for 24 gold pieces
  2709 | D:4      | Bought a scroll of identify for 24 gold pieces
  2716 | D:4      | Gained mutation: You are agile. (Dex +2) [potion of beneficial mutation]
  2777 | D:4      | Noticed an ogre
  3047 | D:3      | Paralysed by Grinder for 6 turns
  3076 | D:3      | Killed Grinder
  3076 | D:3      | Reached skill level 5 in Fighting
  3076 | D:3      | Reached skill level 5 in Axes
  3076 | D:3      | Reached XP level 6. HP: 18/56 MP: 5/7
  3314 | D:3      | Found a snail-covered altar of Cheibriados.
  3599 | D:3      | Reached skill level 6 in Axes
  3739 | D:4      | Found a burning altar of Makhleb.
  3802 | D:4      | Found a radiant altar of Vehumet.
  3928 | D:5      | Entered Level 5 of the Dungeon
  3953 | D:5      | Noticed a phantom
  3977 | D:5      | Killed a phantom
  3977 | D:5      | Reached XP level 7. HP: 42/62 MP: 9/9
  4296 | D:5      | Noticed Edmund
  4305 | D:5      | Reached * piety under the Shining One
  4309 | D:5      | Killed Edmund
  4309 | D:5      | Reached skill level 7 in Axes
  4309 | D:5      | Reached skill level 5 in Armour
  5090 | D:5      | Reached skill level 8 in Axes
  5090 | D:5      | Reached XP level 8. HP: 69/70 MP: 11/11
  5875 | D:6      | Reached skill level 9 in Axes
  5893 | D:6      | Found a shadowy altar of Dithmenos.
  5895 | D:6      | Reached ** piety under the Shining One
  5895 | D:6      | Reached skill level 5 in Invocations
  6470 | D:7      | Found a blossoming altar of Fedhas.
  6479 | D:7      | Reached XP level 9. HP: 79/79 MP: 13/13
  6483 | D:7      | Found a sand-covered staircase.
  6501 | Ossuary  | Entered an ossuary
  6548 | Ossuary  | Reached *** piety under the Shining One
  6551 | Ossuary  | Reached skill level 10 in Axes
  6628 | Ossuary  | Reached **** piety under the Shining One
  6770 | Ossuary  | Reached ***** piety under the Shining One
  7408 | D:7      | Noticed a troll
  7421 | D:7      | Killed a troll
  7421 | D:7      | Reached skill level 11 in Axes
  8022 | D:8      | Reached XP level 10. HP: 88/89 MP: 16/16
  8229 | D:8      | Noticed Erolcha
  8242 | D:8      | Killed Erolcha
  8243 | D:8      | Noticed Kilrog's ghost (novice OpTm)
  8250 | D:8      | Killed Kilrog's ghost
  8293 | D:8      | Found a staircase to the Lair.
  8586 | D:9      | Found a sparkling altar of Nemelex Xobeh.
  8651 | D:9      | Found a glowing silver altar of Zin.
  8663 | D:9      | Reached skill level 12 in Axes
  8746 | D:9      | Found a shadowy altar of Dithmenos.
  9347 | D:10     | Entered Level 10 of the Dungeon
  9350 | D:10     | Noticed a hill giant
  9359 | D:10     | Killed a hill giant
  9359 | D:10     | Reached skill level 10 in Invocations
  9899 | D:10     | Reached XP level 11. HP: 73/96 MP: 18/18
  9959 | D:10     | Reached skill level 13 in Axes
 10012 | D:10     | Noticed Fannar
 10022 | D:10     | Killed Fannar
 10119 | D:11     | Noticed a cyclops
 10374 | D:11     | Killed a cyclops
 10475 | D:11     | Noticed a hill giant
 10482 | D:11     | Killed a hill giant
 10505 | D:11     | Noticed an eight-headed hydra
 10515 | D:11     | Killed a nine-headed hydra
 10515 | D:11     | Reached skill level 10 in Fighting
 10674 | D:11     | Found Byugontu's Assorted Antiques.
 10692 | D:11     | Bought a runed chain mail for 139 gold pieces
 10692 | D:11     | Bought a pair of glowing gloves for 139 gold pieces
 11012 | D:11     | Noticed a green ugly thing
 11018 | D:11     | Killed a green ugly thing
 11187 | D:12     | Noticed a skeletal warrior
 11187 | D:12     | Noticed a skeletal warrior
 11187 | D:12     | Noticed a skeletal warrior
 11187 | D:12     | Noticed a skeletal warrior
 11205 | D:11     | Killed a skeletal warrior
 11602 | D:12     | Killed a skeletal warrior
 11602 | D:12     | Reached skill level 14 in Axes
 11678 | D:12     | Killed a skeletal warrior
 11714 | D:12     | Found a staircase to the Orcish Mines.
 11841 | D:12     | Reached XP level 12. HP: 83/106 MP: 21/21
 12418 | D:12     | Reached skill level 15 in Axes
 12895 | D:13     | Noticed Maud
 12907 | D:12     | Reached skill level 10 in Armour
 12913 | D:12     | Killed Maud
 13399 | D:13     | Noticed a centaur warrior
 13407 | D:13     | Killed a centaur warrior
 13638 | D:13     | Noticed an ettin
 13643 | D:13     | Killed an ettin
 13650 | D:13     | Noticed an iron troll
 13661 | D:13     | Noticed an ice dragon
 13665 | D:13     | Killed an iron troll
 13667 | D:13     | Killed an ice dragon
 13814 | D:13     | Found a gate to the Vaults.
 13821 | D:13     | Learned a level 1 spell: Apportation
 13824 | D:13     | Learned a level 2 spell: Blink
 13852 | D:13     | Reached XP level 13. HP: 115/115 MP: 23/23
 14237 | D:14     | Reached skill level 16 in Axes
 14263 | D:14     | Found a frozen archway.
 14350 | IceCv    | Entered an ice cave
 15154 | IceCv    | Reached skill level 15 in Invocations
 15910 | IceCv    | Noticed a frost giant
 15927 | IceCv    | Killed a frost giant
 16296 | D:14     | Reached skill level 17 in Axes
 16312 | D:14     | Noticed Louise
 16327 | D:14     | Killed Louise
 16813 | D:14     | Noticed a dire elephant
 16826 | D:14     | Killed a dire elephant
 16826 | D:14     | Reached XP level 14. HP: 99/126 MP: 24/26
 17251 | D:15     | Entered Level 15 of the Dungeon
 17875 | D:15     | The Shining One protects you from harm!
 17880 | D:15     | HP: 1/127 [ettin/great mace (27)]
 17880 | D:15     | Annihilated by a cyclops

Dungeon Overview and Level Annotations

Branches:
Dungeon (15/15)            Temple (1/1) D:4            Lair (0/8) D:8
    Orc (0/2) D:12         Vaults (0/5) D:13
 Depths: D:15

Altars:
Ashenzari
Cheibriados
Dithmenos
Elyvilon
Fedhas
Gozag
Kikubaaqudgha
Makhleb
Nemelex Xobeh
Okawaru
Pakellas
Qazlal
Ru
Sif Muna
Trog
Vehumet
Xom
Yredelemnul
Zin
The Shining One

Shops:
D:4 ?   D:11 *


Message History

You are too injured to fight recklessly!
The centaur warrior unwields an uncursed longbow.
The centaur warrior hits you!
A tengu warrior comes into view. It is wielding a war axe.
You are too injured to fight recklessly!
Unknown command.
You are too injured to fight recklessly!
The tengu warrior shouts!
You hit the centaur warrior. You freeze the centaur warrior.
The centaur warrior is lightly wounded.
The centaur warrior completely misses you.
The centaur warrior barely misses you.
Unknown command.
You slash the centaur warrior! You freeze the centaur warrior.
The centaur warrior is moderately wounded.
The centaur warrior hits you but does no damage.
Unknown command.
Use which ability? (? or * to list)
A divine shield forms around you!
You feel slightly more hungry. You block the centaur warrior's attack.
The vampire mosquito bites you but does no damage.
You hit the centaur warrior. You freeze the centaur warrior.
The centaur warrior is heavily wounded.
You slice the vampire mosquito!! You freeze the vampire mosquito.
The vampire mosquito is severely damaged.
You hear an angry buzzing noise.
You block the vampire mosquito's attack.
You block the centaur warrior's attack. The vampire mosquito bites you.
You hear a shout!
You slice the centaur warrior!! You freeze the centaur warrior!
You kill the centaur warrior!
You hit the ettin. You freeze the ettin.
The ettin is lightly wounded.
You slash the vampire mosquito! You freeze the vampire mosquito.
The vampire mosquito is almost destroyed.
The vampire mosquito bites you but does no damage.
The ettin barely misses you. You block the ettin's attack.
You hit the ettin. You freeze the ettin.
The ettin is lightly wounded.
You hit the vampire mosquito. You freeze the vampire mosquito.
You destroy the vampire mosquito!
The Shining One accepts your kill.
Unknown command.
You hit the ettin. You freeze the ettin.
The ettin is lightly wounded.
You hit the vampire mosquito. You freeze the vampire mosquito.
The vampire mosquito is moderately damaged.
You block the vampire mosquito's attack.
The ettin hits you with a great mace!!! You block the ettin's attack.
The vampire mosquito bites you.
You hear a shout!
Drink which item? (? for menu, Esc to quit)
You feel much better.
The vampire mosquito bites you but does no damage.
You block the vampire mosquito's attack.
The ettin hits you with a great mace!!! The Shining One protects you from harm!
You block the ettin's attack.
You hit the ettin but do no damage.
The ettin is lightly wounded.
You slash the vampire mosquito! You freeze the vampire mosquito!
You destroy the vampire mosquito!
The Shining One accepts your kill.
You feel better.
Unknown command.
You hit the ettin but do no damage.
The ettin is lightly wounded.
You block the ettin's attack. The ettin hits you with a dire flail.
Unknown command.
Drink which item? (? for menu, Esc to quit)
You feel much better. You block the ettin's attack.
The ettin hits you with a dire flail!!
Drink which item? (? for menu, Esc to quit)
You feel agile all of a sudden.
A cyclops comes into view.
You block the tengu warrior's attack.
The tengu warrior pecks you but does no damage.
The tengu warrior closely misses you. The ettin hits you with a great mace!
The ettin hits you with a dire flail!! The cyclops hits you!!
You die...

You could see an ettin, a tengu warrior and a cyclops.

Vanquished Creatures
  A frost giant (IceCv)
  Maud (D:12)
  A dire elephant (shapeshifter) (D:14)
  An ettin (D:13)
  An ice dragon (D:13)
  4 centaur warriors
  A death yak (IceCv)
  7 tengu warriors
  An iron troll (D:13)
  4 skeletal warriors
  An unseen horror (D:12)
  5 hill giants
  4 cyclopes
  A manticore (D:15)
  5 ugly things
  An ice statue (IceCv)
  A komodo dragon (shapeshifter) (D:15)
  A komodo dragon (D:10)
  15 polar bears (IceCv)
  5 trolls
  A two-headed ogre (shapeshifter) (D:13)
  Grinder (D:3)
  2 two-headed ogres (D:9)
  3 slime creatures (D:15)
  A harpy skeleton (D:15)
  A wraith (D:13)
  20 yaks
  2 wyverns
  A basilisk (D:13)
  2 hippogriffs
  A hungry ghost (D:13)
  6 vampire mosquitoes
  2 water moccasins
  Edmund (D:5)
  9 orc warriors
  An eye of draining (D:8)
  4 sky beasts
  2 black bears
  A necrophage (D:7)
  3 phantoms
  12 ice beasts
  An eye of draining (shapeshifter) (D:13)
  14 wolves (IceCv)
  6 centaurs
  6 ogres
  A big kobold (D:12)
  3 crocodiles
  9 giant frogs
  A gnoll sergeant (D:10)
  A water moccasin zombie (D:6)
  2 wyvern skeletons
  4 scorpions
  15 wights
  2 howler monkeys (D:5)
  4 bog bodies (Ossuary)
  3 crimson imps
  6 centaur zombies
  A quasit (D:5)
  An orc priest (D:8)
  3 hounds
  3 centaur skeletons
  3 giant frog zombies
  A gnoll shaman (D:8)
  3 jellies
  4 giant frog skeletons
  6 iguanas
  3 worker ants
  10 orc wizards
  2 killer bee zombies
  A hound skeleton (D:5)
  4 hound zombies
  11 mummies (Ossuary)
  A howler monkey zombie (Ossuary)
  2 worker ant zombies (Ossuary)
  8 gnolls
  18 adders
  2 shadow imps
  An ooze (D:6)
  5 adder zombies (Ossuary)
  3 adder skeletons
  4 worms
  5 giant geckos
  40 orcs
  5 bats
  A giant cockroach (D:2)
  3 goblins
  3 hobgoblins
  5 jackals
  2 quokkas
  2 ball pythons
  A giant cockroach zombie (Ossuary)
  A giant gecko skeleton (D:4)
  2 giant newts
  A jackal zombie (Ossuary)
  7 kobolds
  A quokka zombie (Ossuary)
  4 rats
398 creatures vanquished.

Vanquished Creatures (collateral kills)
  Louise (D:14)
  Fannar (D:10)
  2 hydras
  Erolcha (D:8)
  The ghost of Kilrog the Changer, a novice OpTm of Nemelex Xobeh (D:8)
  A polar bear (IceCv)
  A two-headed ogre (D:8)
  A yak (IceCv)
  A hungry ghost (D:11)
  An orc priest (D:8)
  A jackal (D:11)
12 creatures vanquished.

Vanquished Creatures (others)
  A polar bear (IceCv)
  A wolf (IceCv)
  2 withered plants (Ossuary)
4 creatures vanquished.

Grand Total: 414 creatures vanquished

Action                   |  1- 3 |  4- 6 |  7- 9 | 10-12 | 13-15 || total
-------------------------+-------+-------+-------+-------+-------++-------
Melee: War axe           |    98 |   107 |   279 |       |       ||   484
       Battleaxe         |       |       |    64 |   443 |   373 ||   880
Invok: Summon Divine War |       |       |       |     3 |     3 ||     6
       Divine Shield     |       |       |       |    12 |    13 ||    25
Evoke: Wand              |       |     6 |       |       |       ||     6
  Use: Scroll            |       |     8 |     3 |     6 |     4 ||    21
       Potion            |       |     7 |       |     1 |     3 ||    11
  Eat: Chunk             |     1 |     6 |    10 |    18 |    11 ||    46
       Fruit             |     1 |     2 |     4 |     3 |     7 ||    17
Armor: Scale mail        |    61 |    17 |       |       |       ||    78
       Plate armour      |       |    61 |   234 |    97 |       ||   392
       Chain mail        |       |       |       |    95 |   118 ||   213
       Ice dragon armour |       |       |       |       |   104 ||   104
Dodge: Dodged            |    66 |    43 |   114 |   142 |   131 ||   496
Block: Other             |       |       |       |    78 |   139 ||   217

Vault maps used:
D:1:      onia_arrival_mini_spirals, hangedman_decor_clover_reticule,
          minmay_misc_feat_encased
D:2:      evilmike_ruin_ashenzari, first_bread, kennysheep_cross_bottleneck,
          hangedman_abyss_or_decor_lesser_grid
D:3:      elyvilon_altar_3, lemuel_doored_altar, uniq_grinder
D:4:      makhleb_heckhound_becter, marbit_many_paths,
          minmay_temple_entry_large_hall, serial_shops, shop_scrolls
D:5:      uniq_edmund
D:6:      nicolae_overflow_hidden_temple
D:7:      lemuel_round_altar, enter_ossuary_1, grunt_ogre_cave
D:8:      lair_0_dummy, kennysheep_potato, uniq_erolcha
D:9:      kennysheep_mini, basic_altar, nemelex_spade_bored_becter
D:10:     uniq_fannar
D:11:     serial_shops, nicolae_shop_overgrown_old_shop
D:12:     david_orc_2, abandoned_shop, spider_trap
D:13:     david_vaults_4, uniq_maud
D:14:     portal_ice_cave_entry_ice_beasts, nicolae_twisting_strands,
          uniq_louise
D:15:     hangedman_depths_entry_civil_slaughter, cheibriados_altar_1
Temple:   oiseaux_autumnal_temple_12
Ossuary:  ossuary_zaba_flooded
IceCv:    ice_cave_caverns_02
